 Seeded DCSS version 0.30.0-30-g96aa6591b8 (webtiles) character file.

Game seed: 6351066067085065685 (custom seed)

17083 Esekla the Thaumaturge (level 12, -4/69 HPs)
             Began as a Deep Elf Necromancer on June 27, 2023.
             Was an Elder of Vehumet.
             Slain by a centaur warrior simulacrum (20 damage)
             ... on level 11 of the Dungeon on June 28, 2023.
             The game lasted 01:48:46 (14696 turns).

Esekla the Thaumaturge (Deep Elf Necromancer)      Turns: 14696, Time: 01:48:47

Health: -4/69      AC:  7    Str:  5    XL:     12   Next: 15%
Magic:  41/41      EV: 15    Int: 26    God:    Vehumet [****..]
Gold:   125        SH:  5    Dex: 15    Spells: 17/39 levels left

rFire   . . .        a - +5 scimitar
rCold   . . .        L - +0 buckler
rNeg    . . .        M - +1 robe {Will+}
rPois   .            c - +1 helmet
rElec   .            J - +0 cloak
rCorr   .            k - +0 pair of gloves
SInv    .            (no boots)
Will    ++...        C - amulet of magic regeneration
Stlth   +++          O - ring of magical power
HPRegen 0.31/turn    X - ring of the Mage {Wiz Archmagi}
MPRegen 0.67/turn

%: wizardry (x1), archmagi
@: studying Fighting
A: no striking features
a: Renounce Religion


You were on level 11 of the Dungeon.
You worshipped Vehumet.
Vehumet was greatly pleased with you.
You visited 2 branches of the dungeon, and saw 14 of its levels.
You also visited: Bailey.

You collected 839 gold pieces.
You spent 714 gold pieces at shops.

Inventory:

Hand Weapons
 a - a +5 scimitar (weapon)
 m - a +5 long sword
 r - a +4 trident of venom
 s - a +1 dagger of electrocution
 v - a +2 rapier of venom
 w - a +0 dagger of holy wrath
Missiles
 q - 45 poisoned darts
 y - 6 throwing nets
 K - 6 curare-tipped darts
 Q - 6 boomerangs (quivered)
 U - 2 javelins
Armour
 c - a +1 helmet (worn)
 k - a +0 pair of gloves (worn)
 J - a +0 cloak (worn)
 L - a +0 buckler (worn)
 M - a +1 robe of willpower (worn)
 N - a +0 troll leather armour
Jewellery
 C - an amulet of magic regeneration (around neck)
 O - a ring of magical power (left hand)
 V - an amulet of reflection
 X - the ring of the Mage (right hand) {Wiz Archmagi}
   (You bought it in a shop on level 2 of the Dungeon)

   [ring of wizardry]

   It improves your spell success rate.
   Archmagi:  It increases the power of your magical spells.
Wands
 f - a wand of roots (23)
 E - a wand of flame (10)
 I - a wand of mindburst (8)
Scrolls
 e - 4 scrolls of fear
 l - a scroll of immolation {unknown}
 n - 4 scrolls of blinking
 p - 2 scrolls of fog
 t - a scroll of amnesia
 u - 4 scrolls of enchant weapon
 x - a scroll of summoning {unknown}
 z - a scroll of silence
 A - a scroll of enchant armour
 B - a scroll of magic mapping {unknown}
 F - 2 scrolls of acquirement
 G - 3 scrolls of teleportation
 H - a scroll of poison
 T - a scroll of vulnerability {unknown}
Potions
 b - a potion of magic
 d - 2 potions of ambrosia
 g - 6 potions of attraction
 h - a potion of heal wounds
 i - 4 potions of haste
 j - 10 potions of curing
 o - 3 potions of brilliance
 D - a potion of lignification
 P - 2 potions of mutation
 R - a potion of degeneration {unknown}
 S - a potion of cancellation


   Skills:
 * Level 5.9 Fighting
 + Level 4.0(4.3) Short Blades
 + Level 1.7(3.0) Long Blades
 + Level 2.0 Throwing
 * Level 1.2 Armour
 * Level 8.5 Dodging
 + Level 5.6 Stealth
 - Level 3.0 Shields
 * Level 14.1 Spellcasting
 * Level 1.9 Conjurations
 + Level 10.8 Necromancy
 + Level 3.5 Translocations
 + Level 3.4 Transmutations
 + Level 3.5 Fire Magic
 * Level 2.5 Ice Magic
 + Level 4.1 Air Magic
 + Level 5.0 Poison Magic
 + Level 0.2 Evocations


You had 17 spell levels left.
You knew the following spells:

 Your Spells              Type           Power      Damage    Failure   Level
d - Vampiric Draining     Necr           84%        2d12      1%          3
l - Plasma Beam           Fire/Air       27%        2x1d44    17%         6
n - Ignite Poison         Fire/Tmut/Pois 56%        N/A       1%          3
t - Teleport Other        Tloc           53%        N/A       1%          3
v - Poisonous Vapours     Pois/Air       100%       N/A       1%          2
z - Freezing Cloud        Conj/Ice/Air   24%        6-21      5%          5

Your spell library contained the following spells:

 Spells                   Type           Power      Damage    Failure   Level
 Foxfire                  Conj/Fire      100%       2x1d9     1%          1
 Necrotise                Necr           100%       1d9       1%          1
 Lesser Beckoning         Tloc           100%       N/A       1%          2
 Gell's Gravitas          Tloc           53%        N/A       1%          3
 Spider Form              Tmut/Pois      57%        N/A       1%          3
 Animate Dead             Necr           84%        N/A       1%          4
 Agony                    Necr           84%        N/A       1%          5
 Fireball                 Conj/Fire      24%        3d11      5%          5
 Cause Fear               Hex            13%        N/A       21%         4
 Starburst                Conj/Fire      24%        6d8       26%         6
 Summon Mana Viper        Hex/Summ       27%        N/A       47%         5


Dungeon Overview and Level Annotations

Branches:
Dungeon (13/15)            Temple (0/1) D:6             Orc (1/2) D:10
 Bailey (visited)
   Lair: D:8-11      Vaults: D:13-14

Altars:
Dithmenos
Fedhas
Hepliaklqana
Nemelex Xobeh
Okawaru
Qazlal
Ru
Trog
Uskayaw
Vehumet
Zin
The Shining One

Shops:
D:2 =   D:4 (   D:11 *

Portals:
Trove: D:12 (lose all piety)

Annotations:
D:10 gargoyle
D:11 Lodul


Message History

You feel a surge of power!
You draw life force from the ice beast!
You kill the ice beast!
Vehumet accepts your kill.
You feel your power returning.
You feel life coursing into your body.
You start resting.
Magic restored.
A centaur warrior simulacrum is nearby!
Throw: 6 boomerangs
Press: ? - help, Q - select action, (/) - cycle Shift-Dir - straight line, f - centaur warrior simulacrum
Aim: a centaur warrior simulacrum (wandering, hasn't noticed you, 86% to hit)
You throw a boomerang.
The boomerang hits the centaur warrior simulacrum.
The centaur warrior simulacrum is lightly damaged.
There is a stone staircase leading down here.
Throw: 6 boomerangs
Press: ? - help, Q - select action, (/) - cycle Shift-Dir - straight line, f/p - centaur warrior simulacrum
Aim: a centaur warrior simulacrum (lightly damaged, 86% to hit)
You throw a boomerang.
The boomerang hits the centaur warrior simulacrum.
The centaur warrior simulacrum is lightly damaged.
Throw: 6 boomerangs
Press: ? - help, Q - select action, (/) - cycle Shift-Dir - straight line, f/p - centaur warrior simulacrum
Aim: a centaur warrior simulacrum (lightly damaged, 86% to hit)
You throw a boomerang.
The boomerang hits the centaur warrior simulacrum.
The centaur warrior simulacrum is moderately damaged.
You slash the centaur warrior simulacrum!
The centaur warrior simulacrum is severely damaged.
The centaur warrior simulacrum hits you.
The centaur warrior simulacrum freezes you!!
The centaur warrior simulacrum kicks you.
The centaur warrior simulacrum freezes you!!
* * * LOW HITPOINT WARNING * * *
The centaur warrior simulacrum barely misses you.
The centaur warrior simulacrum kicks you but does no damage.
You block the centaur warrior simulacrum's attack.
The centaur warrior simulacrum kicks you.
* * * LOW HITPOINT WARNING * * *
The centaur warrior simulacrum freezes you!!
You die...

#....###.....# #.#
.......#.....# #..
#..........#
#.....#######
##..Y. #.....
h.......########
.#..#..).......###
##.....######.Z@#
#.#..... #####
O...... .....O
#.... ...! . ...
.# .~### ##.#
..).# ... #.


You could see a centaur warrior simulacrum.

Vanquished Creatures
  Harold (D:9)
  A centaur warrior (D:13)
  2 two-headed ogres
  Pikel (D:6)
  3 orc knights
  4 cyclopes
  Joseph (D:7)
  A gargoyle (D:10)
  A kobold demonologist (D:9)
  A komodo dragon (D:13)
  5 trolls
  A centaur simulacrum (D:11)
  9 yaks
  2 steam dragons
  3 wyverns
  Menkaure (D:7)
  5 ice beasts
  A sky beast (D:6)
  12 orc warriors
  2 black bears
  10 ogres
  2 centaurs
  4 wolves
  A phantom (D:7)
  Blork the orc (D:6)
  4 kobold brigands
  4 gnoll sergeants
  2 bullfrogs
  2 scorpions (D:5)
  10 wights
  18 killer bees
  2 howler monkeys (D:10)
  2 quasits (D:8)
  2 gnoll boudas
  6 hounds
  A jelly (D:6)
  Crazy Yiuf (D:7)
  8 orc priests
  A sleepcap (D:5)
  5 iguanas
  11 orc wizards
  30 gnolls
  9 adders
  3 shadow imps (D:8)
  7 white imps
  4 ufetubi
  A worm (D:4)
  3 dart slugs
  58 orcs
  6 ball pythons
  4 bats
  4 endoplasms
  9 goblins
  7 hobgoblins
  A quokka (D:1)
  4 frilled lizards
  21 kobolds
  A rat (D:1)
326 creatures vanquished.

Notes
Turn   | Place    | Note
-------+----------+-------------------------------------------
     0 | D:1      | Esekla the Deep Elf Necromancer began the quest for the
                  | Orb.
     0 | D:1      | Reached XP level 1. HP: 10/10 MP: 6/6
    88 | D:1      | Reached skill level 5 in Necromancy
   224 | D:1      | Reached XP level 2. HP: 15/15 MP: 8/8
   454 | D:4      | Found a radiant altar of Vehumet.
   458 | D:4      | Became a worshipper of Vehumet
   816 | D:3      | Identified the +5 rapier of the Hero {heavy, rN+ Dex+3}
   977 | D:1      | Reached XP level 3. HP: 16/19 MP: 9/9
   981 | D:1      | Learned a level 3 spell: Vampiric Draining
  1242 | D:2      | Reached XP level 4. HP: 14/24 MP: 3/10
  1416 | D:2      | Found a faded altar of an unknown god.
  1432 | D:2      | Reached skill level 1 in Short Blades
  1529 | D:2      | Noticed a black bear
  1592 | D:2      | Found Renulab's Jewellery Shop.
  1893 | D:3      | Found a stormy altar of Qazlal.
  1896 | D:3      | Found a bloodstained altar of Trog.
  1898 | D:3      | Found a hazy altar of Hepliaklqana.
  1908 | D:3      | Reached XP level 5. HP: 28/28 MP: 8/12
  1912 | D:3      | Reached skill level 4 in Spellcasting
  2009 | D:3      | Learned a level 3 spell: Teleport Other
  2386 | D:2      | Killed a black bear
  2386 | D:2      | Reached * piety under Vehumet
  2386 | D:2      | Offered knowledge of Sandblast by Vehumet.
  2532 | D:4      | Found Ponaysk's Antique Weapon Boutique.
  2680 | D:4      | Found a glowing silver altar of Zin.
  2719 | D:4      | Reached XP level 6. HP: 22/33 MP: 14/14
  2844 | D:4      | Found an iron altar of Okawaru.
  3236 | D:4      | Found a glowing golden altar of the Shining One.
  3351 | D:5      | Entered Level 5 of the Dungeon
  3359 | D:5      | Got the Parchment of the Lumpy Olives
  3405 | D:5      | Reached skill level 1 in Translocations
  3464 | D:5      | Reached XP level 7. HP: 37/37 MP: 16/16
  3525 | D:5      | Reached skill level 5 in Spellcasting
  3557 | D:5      | Found a shadowy altar of Dithmenos.
  3616 | D:5      | Offered knowledge of Poisonous Vapours by Vehumet.
  3620 | D:5      | Learned a level 2 spell: Poisonous Vapours
  3653 | D:5      | Reached ** piety under Vehumet
  4165 | D:5      | Reached skill level 1 in Fighting
  4178 | D:6      | Reached skill level 1 in Poison Magic
  4434 | D:6      | Noticed Pikel
  4558 | D:6      | Found a blossoming altar of Fedhas.
  4573 | D:6      | Reached skill level 1 in Air Magic
  4573 | D:6      | Reached XP level 8. HP: 43/43 MP: 7/18
  4581 | D:6      | Reached skill level 5 in Dodging
  4756 | D:6      | Found a staircase to the Ecumenical Temple.
  4848 | D:6      | Killed Pikel
  4849 | D:6      | Reached skill level 7 in Spellcasting
  4954 | D:6      | Noticed Blork the orc
  4973 | D:6      | Killed Blork the orc
  4974 | D:6      | Reached skill level 1 in Throwing
  5331 | D:7      | Reached skill level 8 in Spellcasting
  5333 | D:7      | Reached XP level 9. HP: 43/47 MP: 23/23
  5353 | D:7      | Noticed Menkaure
  5360 | D:7      | Killed Menkaure
  5544 | D:7      | Found a runed translucent door.
  5545 | D:7      | Noticed Crazy Yiuf
  5552 | D:7      | Killed Crazy Yiuf
  5756 | D:7      | Noticed Joseph
  5902 | D:7      | Killed Joseph
  5903 | D:7      | Reached skill level 5 in Stealth
  5903 | D:7      | Reached skill level 9 in Spellcasting
  6327 | D:6      | Offered knowledge of Ignite Poison by Vehumet.
  6332 | D:6      | Learned a level 3 spell: Ignite Poison
  6635 | D:8      | Noticed a two-headed ogre
  6698 | D:8      | Reached skill level 10 in Spellcasting
  6717 | D:7      | Reached skill level 1 in Transmutations
  6889 | D:8      | Reached *** piety under Vehumet
  6957 | D:8      | Found a transporter.
  6958 | D:8      | Found a transporter.
  6959 | D:8      | Found a transporter.
  6964 | D:8      | Found a transporter.
  7153 | D:8      | Killed a two-headed ogre
  7154 | D:8      | Reached skill level 1 in Shields
  7154 | D:8      | Reached skill level 1 in Fire Magic
  7154 | D:8      | Reached XP level 10. HP: 52/52 MP: 26/26
  7351 | D:8      | Offered knowledge of Volatile Blastmotes by Vehumet.
  7510 | D:8      | Found a hide-covered altar of Uskayaw.
  8020 | D:9      | Found a flagged portal.
  8046 | Bailey   | Entered a bailey
  8150 | Bailey   | Reached **** piety under Vehumet
  8194 | Bailey   | Reached skill level 11 in Spellcasting
  8199 | Bailey   | Offered knowledge of Yara's Violent Unravelling by Vehumet.
  8300 | Bailey   | Identified the +2 bardiche of Puhoisos {heavy, rElec
                  | Stlth+}
  8312 | Bailey   | Noticed an orc knight
  8429 | Bailey   | Noticed an orc knight
  8432 | Bailey   | Killed an orc knight
  8452 | Bailey   | Killed an orc knight
  8722 | D:9      | Reached skill level 10 in Necromancy
  8858 | D:9      | Noticed a cyclops
  8873 | D:9      | HP: 2/52 [cyclops (30)]
  8876 | D:9      | Killed a cyclops
  8877 | D:9      | Reached skill level 1 in Long Blades
  8877 | D:9      | Reached skill level 12 in Spellcasting
  9069 | D:9      | Noticed a cyclops
  9081 | D:9      | Killed a cyclops
  9284 | D:9      | Reached XP level 11. HP: 47/52 MP: 29/29
  9443 | D:9      | Noticed Harold
  9448 | D:9      | Killed Harold
  9556 | D:9      | Noticed a two-headed ogre
  9660 | D:9      | Killed a two-headed ogre
  9732 | D:9      | Found a sparkling altar of Nemelex Xobeh.
  9849 | D:10     | Entered Level 10 of the Dungeon
  9884 | D:10     | Found a staircase to the Orcish Mines.
 10079 | D:10     | Reached ***** piety under Vehumet
 10086 | D:10     | Offered knowledge of Freezing Cloud by Vehumet.
 10203 | D:10     | Learned a level 5 spell: Freezing Cloud
 10436 | D:10     | Found a sacrificial altar of Ru.
 10914 | Orc:1    | Entered Level 1 of the Orcish Mines
 10915 | Orc:1    | Noticed an orc knight
 10919 | Orc:1    | Reached skill level 13 in Spellcasting
 10922 | Orc:1    | Killed an orc knight
 11352 | D:2      | Bought the ring of the Mage {Wiz Archmagi} for 714 gold
                  | pieces
 11352 | D:2      | Found the ring of the Mage {Wiz Archmagi}
 11580 | D:10     | Reached skill level 1 in Ice Magic
 11819 | D:10     | Reached skill level 1 in Conjurations
 13391 | D:11     | Found Fagafuf's Pet Rocks.
 13417 | D:11     | Reached skill level 5 in Fighting
 13443 | D:11     | Noticed Lodul
 13507 | D:11     | Reached skill level 5 in Poison Magic
 13507 | D:11     | Reached XP level 12. HP: 68/68 MP: 31/31
 13519 | D:11     | You fall into a shaft and drop 2 floors!
 13570 | D:13     | Noticed a centaur warrior
 13574 | D:13     | Reached skill level 1 in Armour
 13579 | D:13     | Killed a centaur warrior
 13643 | D:12     | Found a portal to a secret trove of treasure.
 13650 | D:12     | Reached skill level 14 in Spellcasting
 13812 | D:12     | Learned a level 6 spell: Plasma Beam
 14696 | D:11     | Slain by a centaur warrior simulacrum

Illustrated notes

Levels and vault maps discovered:
D:1:      sevenhm_arrival_forest_fort_small_3, layout_rooms,
          chequers_serial_rivers_room_b, minmay_misc_feat_five
D:2:      layout_loops_ring, dreamdust_ecumenical_altar_angels_and_demons,
          serial_shops, shop
D:3:      layout_basic, grunt_temple_overflow_open, minmay_misc_feat_iff
D:4:      layout_basic, nicolae_overflow_quartered_altars, serial_shops,
          nicolae_diamond_shop
D:5:      layout_loops_ring, lemuel_doored_altar, minmay_misc_feat_rows,
          dreamdust_wishing_well
D:6:      layout_loops_cross, fedhas_altar_fruit_tree,
          minmay_temple_entry_glass, uniq_pikel, uniq_blork_the_orc
D:7:      layout_basic, uniq_menkaure, uniq_joseph, uniq_crazy_yiuf_cottage
D:8:      layout_basic, nicolae_uskayaw_dance_hall, serial_demonic,
          serial_demonic_d, serial_demonic_a, serial_demonic_c,
          serial_demonic_c, nicolae_diode_quadrants
D:9:      layout_irregular_city, kennysheep_little_box, enter_bailey_4,
          minmay_between, uniq_harold
D:10:     layout_basic, nicolae_ru_awakened_eye
D:11:     layout_rooms, hellmonk_lair_entry_icy, serial_ice, serial_ice_j,
          serial_ice_m, serial_ice_o, serial_ice_c, serial_ice_g, serial_ice_f,
          guppyfry_shop_earth, uniq_psyche, uniq_lodul
D:12:     layout_roguey, nicolae_trove_entry_crossroad
D:13:     layout_loops_ring, lightli_vaults_fourway_checkpoint
Orc:1:    layout_caves

Skill      XL: |  1  2  3  4  5  6  7  8  9 10 11 12 |
---------------+-------------------------------------+-----
Necromancy     | 5 6 7 8 9 10 | 10.8
Dodging        | 3 4 5 6 8 |  8.5
Stealth        | 3 4 5 |  5.6
Short Blades   | 1 2 3 4 |  4.0
Spellcasting   | 4 5 8 10 12 13 14 | 14.1
Translocations | 1 2 3 |  3.5
Fighting       | 1 2 5 |  5.9
Poison Magic   | 1 2 3 4 5 |  5.0
Air Magic      | 1 2 3 4 |  4.1
Throwing       | 1 2 |  2.0
Transmutations | 2 3 |  3.4
Shields        | 1 2 3 |  3.0
Fire Magic     | 1 2 3 |  3.5
Long Blades    | 1 |  1.7
Ice Magic      | 2 |  2.5
Conjurations   | 1 |  1.9
Armour         | 1 |  1.2
Evocations     | |  0.2

Action                     |  1- 3 |  4- 6 |  7- 9 | 10-12 || total
---------------------------+-------+-------+-------+-------++-------
  Melee: Unarmed           |     9 |       |     4 |       ||    13
         Dagger            |    25 |       |     2 |     7 ||    34
         Short sword       |     4 |       |       |       ||     4
         Rapier            |    21 |    70 |   148 |    32 ||   271
         Punch             |     1 |       |     1 |       ||     2
         Scimitar          |       |       |       |   105 ||   105
  Throw: Dart              |       |    19 |    25 |     2 ||    46
         Boomerang         |       |       |       |    24 ||    24
   Cast: Vampiric Draining |     6 |    18 |    57 |    75 ||   156
         Poisonous Vapours |       |       |    10 |   124 ||   134
         Teleport Other    |       |       |     8 |     1 ||     9
         Ignite Poison     |       |       |     1 |    55 ||    56
         Freezing Cloud    |       |       |       |     2 ||     2
  Evoke: Wand              |       |       |     8 |     4 ||    12
    Use: Scroll            |       |       |     7 |    12 ||    19
         Potion            |       |       |       |     3 ||     3
   Stab: Sleeping          |     5 |     7 |    12 |     7 ||    31
         Distracted        |     1 |       |       |     1 ||     2
         Confused          |       |       |     1 |       ||     1
 Armour: Robe              |    12 |    19 |    43 |    67 ||   141
         Skin              |       |       |       |     2 ||     2
  Dodge: Dodged            |    28 |    51 |   163 |   242 ||   484
  Block: Buckler           |       |       |       |    47 ||    47
